 Dungeon Sprint DCSS version 0.19-a0-1827-g174f941 (webtiles) character file.

33437 Theye the Sniper (level 14, -5/113 HPs)
             Began as a Formicid Hunter on Oct 7, 2016.
             Was the Champion of Qazlal.
             Slain by a stone giant (16 damage)
             ... in the Dungeon (Sprint V: "Ziggurat Sprint").
             The game lasted 00:05:07 (1330 turns).

Theye the Sniper (Formicid Hunter)                  Turns: 1330, Time: 00:05:07

Health: -5/113     AC: 32    Str: 26    XL:     14   Next: 8%
Magic:  6/27       EV:  5    Int: 11    God:    Qazlal [******]
Gold:   0          SH: 45    Dex: 21    Spells: 0 memorised, 13 levels left

rFire  . . .     SeeInvis +     L - +9 heavy crossbow "Sniper" {velocity, nevermiss, SInv}
rCold  . . .     Gourm    .     M - +15 Maxwell's patent armour {-Cast -Tele rElec MR+ rCorr}
rNeg   + . .     Faith    .     N - +18 shield of the Gong {rElec rN+ MR+ EV-5}
rPois  .         Spirit   .     (helmet unavailable)
rElec  +         Dismiss  .     (no cloak)
rCorr  +         Reflect  +     (no gloves)
MR     +++..     Harm     .     (no boots)
Stlth  .......... NoCast   +    S - amulet "Zuvvop" {Reflect Str+2 SH+3}
                                G - +6 ring of dexterity
                                K - +6 ring of strength

@: protected from physical damage, studying Maces & Flails, repel missiles,
drained
A: permanent stasis, dig shafts and tunnels, four strong arms, antennae 3
a: Dig, Upheaval, Elemental Force, Disaster Area, Renounce Religion


You were in the Dungeon.
You worshipped Qazlal.
Qazlal was exalted by your worship.
You were full.

You visited 1 branch

Inventory:

Hand Weapons
 a - a +1 hand crossbow
 b - a +0 short sword
 I - the +5 demon whip "Spellbinder" {antimagic, MR+}
   (You found it in the Dungeon)

   It reduces the magical energy of the wielder, and disrupts the spells and
   magical abilities of those hit.
   Natural abilities and divine invocations are not affected.
   It affects your resistance to hostile enchantments.
 L - the +9 heavy crossbow "Sniper" (weapon) {velocity, nevermiss, SInv}
   (You found it in the Dungeon)

   Any bolt fired from it inflicts extra damage.
   It lets you see invisible.
Missiles
 d - 939 bolts (quivered)
Armour
 c - a +0 leather armour
 l - a +5 gold dragon armour
 M - the +15 Maxwell's patent armour (worn) {-Cast -Tele rElec MR+ rCorr}
   (You found it in the Dungeon)

   It insulates you from electricity.
   It affects your resistance to hostile enchantments.
   It prevents spellcasting.
   It prevents most forms of teleportation.
   It protects you from acid and corrosion.
 N - the +18 shield of the Gong (worn) {rElec rN+ MR+ EV-5}
   (You found it in the Dungeon)

   It affects your evasion (-5).
   It insulates you from electricity.
   It protects you from negative energy.
   It affects your resistance to hostile enchantments.
Rods
 z - a +8 rod of clouds (9/9)
   (You found it in the Dungeon)
Jewellery
 G - a +6 ring of dexterity (right hand)
 H - the amulet of Kacruij {RegenMP rElec rPois Str+2 Stlth+}
   (You found it in the Dungeon)

   [amulet of magic regeneration]

   It increases your magic regeneration.
   It affects your strength (+2).
   It insulates you from electricity.
   It protects you from poison.
   It makes you more stealthy.
 K - a +6 ring of strength (left hand)
 P - an uncursed ring of fire
 Q - the ring "Venni" {Wiz Int+5 Dex+2}
   (You found it in the Dungeon)

   [ring of wizardry]

   It improves your spell success rate.
   It affects your intelligence (+5).
   It affects your dexterity (+2).
 R - a ring of the Octopus King {rC+ AC+1 EV+1 Str+1 Int+1 Dex+1}
   (You found it in the Dungeon)

   [ring of protection from cold]

   It affects your AC (+1).
   It affects your evasion (+1).
   It affects your strength (+1).
   It affects your intelligence (+1).
   It affects your dexterity (+1).
   It protects you from cold.
 S - the amulet "Zuvvop" (around neck) {Reflect Str+2 SH+3}
   (You found it in the Dungeon)

   [amulet of reflection]

   It shields you and reflects attacks.
   It affects your strength (+2).
   It affects your SH (+3).
Wands
 y - a wand of disintegration (7/24)
 C - a wand of iceblast (5/15)
 D - a wand of lightning (5/15)
 E - a wand of acid (5/15)
Scrolls
 k - 4 scrolls of blinking
 m - 4 scrolls of amnesia
 n - 3 scrolls of recharging
 o - 7 scrolls of fog
 p - a scroll of holy word
 q - 5 scrolls of identify
 r - 5 scrolls of remove curse
 s - 2 scrolls of fear
 F - a scroll of brand weapon
 O - 4 scrolls of enchant armour
Potions
 e - 6 potions of curing
 g - 7 potions of heal wounds
 h - 6 potions of haste
 i - 7 potions of magic
 j - 3 potions of berserk rage
 v - 2 potions of brilliance
 w - 2 potions of invisibility
 x - 4 potions of resistance
 A - 3 potions of agility
 B - 5 potions of might
Books
 J - a manual of Maces & Flails
Comestibles
 f - 5 bread rations
 t - 40 fruits
 u - 3 meat rations


   Skills:
 + Level 11.0(10.3) Fighting
 * Level 22.5(21.6) Crossbows
 + Level 10.0(9.3) Armour
 + Level 5.2(4.6) Dodging
 - Level 1.2(0.7) Stealth
 + Level 17.8(17.0) Shields
 * Level 18.9(18.1) Invocations


You had 13 spell levels left.
You didn't know any spells.

Dungeon Overview and Level Annotations

Branches:
Dungeon (1/1)

Altars:
Ashenzari
Cheibriados
Dithmenos
Elyvilon
Fedhas
Gozag
Hepliaklqana
Kikubaaqudgha
Makhleb
Nemelex Xobeh
Okawaru
Qazlal
Ru
Sif Muna
Trog
Uskayaw
Vehumet
Xom
Yredelemnul
Zin
The Shining One
Beogh
Jiyva
Lugonu


Innate Abilities, Weirdness & Mutations

You are under a permanent stasis effect.
You can dig through walls and to a lower floor.
Your four strong arms can wield two-handed weapons with a shield.
You have a pair of large antennae on your head. (SInv)


Message History

You block the shadow dragon's attack.
GONNNNG!
The stone giant is engulfed in roaring flames.
You block the stone giant's attack.
GONNNNG!
The lich touches you but does no damage.
The stone giant hits you!
* * * LOW HITPOINT WARNING * * *
You block the vault guard's attack.
PANG!
The shadow dragon breathes negative energy at you.
The bolt of negative energy hits you! You partially resist.
You feel drained.
* * * LOW HITPOINT WARNING * * *
The lich is struck by lightning.
The lich touches you but does no damage.
The stone giant is engulfed in roaring flames.
You block the stone giant's attack.
GONNNNG!
The stone giant hits you!
You die...

▓..)..▓...
▓..≈≈.§.§...▓▓.....▓...
.≈≈.((.§... ▓.....▓...
..≈≈)§§.. ▓.(†(.▓.).
)≈≈≈.≈. ▓.....▓...
≈≈[≈) ▓▓▓▓▓▓▓▓▓▓▓
▓▓≈D§▓▓ ▓..8©8...▓.
▓.≈▓≈DpC§▓..▓..(.:...▓.
▓.≈.)L@C)§..▓...)....▓.
▓▓▓▓▓▓▓▓▓▓▓▓▓........▓.
▓....8©8....▓........▓.
▓..)))..))..▓.▓(...▓.▓.
▓...}|).)=..▓........▓.
▓...........▓▓▓▓▓▓▓▓▓▓▓
▓...........▓...8©8...▓
▓...........▓..}\[....▓
▓...).[)....▓...).|...▓


You could see 2 shadow dragons, 2 stone giants, a lich and a vault guard.

Vanquished Creatures
  An ancient lich (D)
  A tentacled starspawn (D)
  An azure jelly (shapeshifter) (D)
  A stone giant (D)
  An entropy weaver (D)
  3 vampire knights (D)
  3 death oozes (D)
  5 vault guards (D)
  A skeletal warrior (D)
  A swamp dragon (shapeshifter) (D)
  2 glowing orange brains (D)
  A death drake (shapeshifter) (D)
  2 necromancers (D)
  3 wolf spiders (D)
  A shining eye (D)
  A wolf spider (shapeshifter) (D)
  A salamander (shapeshifter) (D)
  An ugly thing (D)
  A cyclops (D)
  2 yaktaurs (D)
  A queen bee (shapeshifter) (D)
  A demonic crawler (D)
  3 merfolk (D)
  2 hornets (D)
  A wind drake (D)
  4 jumping spiders (D)
  3 slime creatures (D)
  A dream sheep (shapeshifter) (D)
  A spriggan (D)
  3 air elementals (D)
  3 tarantellas (D)
  A vampire (D)
  2 shadows (D)
  3 redbacks (D)
  A yak (D)
  A golden eye (D)
  3 insubstantial wisps (D)
  A swamp worm (shapeshifter) (D)
  A floating eye (D)
  A black bear (D)
  2 phantoms (D)
  An eye of draining (shapeshifter) (D)
  2 wolves (D)
  2 centaurs (D)
  2 bullfrogs (D)
  6 scorpions (D)
  2 wights (D)
  A crimson imp (D)
  2 jellies (D)
  An iron imp (D)
  A white imp (D)
  An ooze (D)
  2 adder skeletons (D)
  4 adder zombies (D)
  3 bat skeletons (D)
  2 bat zombies (D)
  2 jackals (D)
  A giant cockroach zombie (D)
  A leopard gecko skeleton (D)
  A starspawn tentacle (D)
109 creatures vanquished.

Vanquished Creatures (others)
  A starspawn tentacle (D)
1 creature vanquished.

Grand Total: 110 creatures vanquished

Notes
Turn   | Place    | Note
-------+----------+-------------------------------------------
     0 | D        | Theye the Formicid Hunter began the quest for the Orb.
     0 | D        | Reached XP level 1. HP: 16/16 MP: 1/1
     4 | D        | Found a blossoming altar of Fedhas.
     5 | D        | Found a viscous altar of Jiyva.
     5 | D        | Found a hazy altar of Hepliaklqana.
     5 | D        | Found an opulent altar of Gozag.
     5 | D        | Found an ancient bone altar of Kikubaaqudgha.
     5 | D        | Found a corrupted altar of Lugonu.
    11 | D        | Found a burning altar of Makhleb.
    12 | D        | Found a sacrificial altar of Ru.
    12 | D        | Found a deep blue altar of Sif Muna.
    12 | D        | Found a stormy altar of Qazlal.
    12 | D        | Found a bloodstained altar of Trog.
    12 | D        | Found an iron altar of Okawaru.
    12 | D        | Found a sparkling altar of Nemelex Xobeh.
    55 | D        | Became a worshipper of Qazlal Stormbringer
    57 | D        | Reached skill level 5 in Crossbows
    57 | D        | Reached XP level 2. HP: 24/24 MP: 1/5
    66 | D        | Entered arena 1.
    66 | D        | Noticed a floating eye
    66 | D        | Noticed a golden eye
    68 | D        | Killed a floating eye
    68 | D        | Reached skill level 8 in Crossbows
    68 | D        | Reached skill level 5 in Invocations
    68 | D        | Reached XP level 3. HP: 30/30 MP: 1/6
    68 | D        | Reached XP level 4. HP: 37/37 MP: 1/7
    68 | D        | Reached XP level 5. HP: 42/42 MP: 1/8
    69 | D        | Killed a golden eye
    69 | D        | Reached skill level 10 in Crossbows
    69 | D        | Reached XP level 6. HP: 48/48 MP: 2/10
    74 | D        | Entered arena 2.
    74 | D        | Noticed a black bear
    74 | D        | Noticed a spriggan
    74 | D        | Noticed a wolf
    78 | D        | Killed a spriggan
    78 | D        | Reached * piety under Qazlal
    78 | D        | Reached skill level 12 in Crossbows
    78 | D        | Reached XP level 7. HP: 42/54 MP: 3/11
    82 | D        | Reached skill level 13 in Crossbows
    91 | D        | Got the ring of Ugryar {+Fly rPois Int+3}
   312 | D        | Entered arena 3.
   314 | D        | Reached ** piety under Qazlal
   316 | D        | Reached XP level 8. HP: 61/61 MP: 13/13
   317 | D        | Reached skill level 14 in Crossbows
   325 | D        | Entered arena 4.
   325 | D        | Noticed a tentacled starspawn
   327 | D        | Reached *** piety under Qazlal
   331 | D        | Killed a tentacled starspawn
   331 | D        | Reached skill level 5 in Fighting
   331 | D        | Reached skill level 17 in Crossbows
   331 | D        | Reached skill level 5 in Shields
   331 | D        | Reached XP level 9. HP: 31/69 MP: 13/16
   333 | D        | Reached **** piety under Qazlal
   434 | D        | Entered arena 5.
   438 | D        | Reached ***** piety under Qazlal
   449 | D        | Entered arena 6.
   451 | D        | Reached XP level 10. HP: 64/76 MP: 17/17
   462 | D        | Got the ring "Venni" {Wiz Int+5 Dex+2}
   466 | D        | Got a ring of the Octopus King {rC+ AC+1 EV+1 Str+1 Int+1 Dex+1}
   467 | D        | Entered arena 7.
   467 | D        | Noticed a cyclops
   473 | D        | Reached skill level 10 in Invocations
   480 | D        | Reached ****** piety under Qazlal
   482 | D        | Killed a cyclops
   482 | D        | Reached skill level 18 in Crossbows
   494 | D        | Got the amulet "Zuvvop" {Reflect Str+2 SH+3}
   663 | D        | Entered arena 8.
   685 | D        | Entered arena 9.
   689 | D        | Reached XP level 11. HP: 70/84 MP: 19/19
   692 | D        | Reached skill level 19 in Crossbows
   696 | D        | Reached skill level 10 in Shields
   778 | D        | Entered arena 10.
   811 | D        | Entered arena 11.
   811 | D        | Noticed a wolf spider
   811 | D        | Noticed a red ugly thing
   811 | D        | Noticed a moth of wrath
   811 | D        | Noticed a glowing orange brain
   811 | D        | Noticed a deep troll
   811 | D        | a glowing orange brain changed into a snapping turtle
   811 | D        | Noticed an ettin
   811 | D        | a deep troll changed into an ettin
   813 | D        | Noticed a great orb of eyes
   813 | D        | Noticed an entropy weaver
   813 | D        | a great orb of eyes changed into an entropy weaver
   814 | D        | Noticed a cyclops
   814 | D        | Noticed a four-headed hydra
   814 | D        | an entropy weaver changed into a four-headed hydra
   814 | D        | Noticed a mana viper
   814 | D        | a cyclops changed into a mana viper
   814 | D        | Noticed a manticore
   814 | D        | a moth of wrath changed into a manticore
   814 | D        | Noticed an anaconda
   814 | D        | an ettin changed into an anaconda
   815 | D        | Noticed a shining eye
   815 | D        | Noticed a ghost crab
   815 | D        | Killed a wolf spider
   815 | D        | Reached skill level 5 in Armour
   815 | D        | Noticed a deep troll
   815 | D        | a shining eye changed into a deep troll
   815 | D        | Noticed a shock serpent
   815 | D        | a deep troll changed into a shock serpent
   815 | D        | Noticed a queen ant
   815 | D        | a four-headed hydra changed into a queen ant
   815 | D        | a manticore changed into a jumping spider
   815 | D        | Noticed a glowing orange brain
   815 | D        | a torpor snail changed into a glowing orange brain
   815 | D        | a glowing orange brain changed into a floating eye
   815 | D        | Noticed an ice dragon
   815 | D        | an anaconda changed into an ice dragon
   816 | D        | Noticed an ettin
   816 | D        | a queen ant changed into an ettin
   816 | D        | Noticed a great orb of eyes
   816 | D        | an ice dragon changed into a great orb of eyes
   817 | D        | Killed a red ugly thing
   817 | D        | a shock serpent changed into a water nymph
   817 | D        | Noticed a deep troll
   817 | D        | a ghost crab changed into a deep troll
   818 | D        | Noticed a great orb of eyes
   818 | D        | an ettin changed into a great orb of eyes
   818 | D        | Noticed a hell hog
   818 | D        | a great orb of eyes changed into a hell hog
   818 | D        | a mana viper changed into a yaktaur
   818 | D        | a deep troll changed into a dream sheep
   818 | D        | Noticed a swamp dragon
   818 | D        | a merfolk changed into a swamp dragon
   818 | D        | Noticed an ice dragon
   818 | D        | a great orb of eyes changed into an ice dragon
   819 | D        | Noticed a queen ant
   819 | D        | an ice dragon changed into a queen ant
   819 | D        | Noticed an emperor scorpion
   819 | D        | a queen ant changed into an emperor scorpion
   820 | D        | Noticed a hill giant
   820 | D        | a hell hog changed into a hill giant
   820 | D        | Noticed a death drake
   820 | D        | a dream sheep changed into a death drake
   821 | D        | a hill giant changed into a swamp worm
   821 | D        | Noticed a harpy
   821 | D        | a polar bear changed into a harpy
   822 | D        | Noticed a sea snake
   822 | D        | a water nymph changed into a sea snake
   822 | D        | a harpy changed into a raiju
   823 | D        | Killed a swamp dragon
   824 | D        | Noticed a deep troll
   824 | D        | a death drake changed into a deep troll
   825 | D        | Noticed a lindwurm
   825 | D        | a deep troll changed into a lindwurm
   826 | D        | Noticed a mana viper
   826 | D        | a sea snake changed into a mana viper
   826 | D        | Noticed an azure jelly
   826 | D        | an emperor scorpion changed into an azure jelly
   827 | D        | Noticed a death drake
   827 | D        | a mana viper changed into a death drake
   827 | D        | a lindwurm changed into a guardian serpent
   827 | D        | Killed an azure jelly
   827 | D        | Reached skill level 20 in Crossbows
   828 | D        | Noticed a harpy
   828 | D        | a raiju changed into a harpy
   828 | D        | Noticed a salamander
   828 | D        | a guardian serpent changed into a salamander
   829 | D        | Killed a death drake
   830 | D        | Noticed a fire crab
   830 | D        | a tarantella changed into a fire crab
   831 | D        | a harpy changed into a raiju
   832 | D        | Killed a salamander
   834 | D        | Noticed a death drake
   834 | D        | a fire crab changed into a death drake
   834 | D        | a death drake changed into a dream sheep
   959 | D        | Entered arena 12.
   959 | D        | Noticed a wolf spider
   959 | D        | Noticed an entropy weaver
   959 | D        | Noticed a wolf spider
   960 | D        | Noticed a wolf spider
   961 | D        | Killed a wolf spider
   961 | D        | Reached XP level 12. HP: 87/94 MP: 21/21
   967 | D        | Killed an entropy weaver
   970 | D        | Reached skill level 21 in Crossbows
   983 | D        | Got the amulet of Kacruij {RegenMP rElec rPois Str+2 Stlth+}
   986 | D        | Entered arena 13.
   987 | D        | Noticed a glowing orange brain
   988 | D        | Noticed a death ooze
   988 | D        | Noticed a glowing orange brain
   988 | D        | Noticed a death ooze
   991 | D        | Killed a glowing orange brain
   991 | D        | Killed a death ooze
   992 | D        | Killed a death ooze
   993 | D        | Noticed a death ooze
   996 | D        | Killed a death ooze
   996 | D        | Reached skill level 15 in Invocations
   998 | D        | Reached skill level 10 in Fighting
  1002 | D        | Killed a glowing orange brain
  1002 | D        | Reached skill level 15 in Shields
  1081 | D        | Entered arena 14.
  1081 | D        | Noticed a vampire knight
  1081 | D        | Noticed a vampire knight
  1083 | D        | Noticed a vampire knight
  1084 | D        | Noticed a skeletal warrior
  1084 | D        | Noticed an ancient lich
  1087 | D        | Reached XP level 13. HP: 30/103 MP: 24/24
  1089 | D        | Killed a vampire knight
  1090 | D        | Killed an ancient lich
  1090 | D        | Reached skill level 22 in Crossbows
  1090 | D        | Reached skill level 5 in Dodging
  1091 | D        | Killed a vampire knight
  1093 | D        | Killed a vampire knight
  1108 | D        | Got the ring of Egalitarianism {rPois MR- Str+6 Int+2}
  1318 | D        | Entered arena 15.
  1319 | D        | Noticed a vault guard
  1319 | D        | Noticed a lich
  1319 | D        | Noticed a vault guard
  1319 | D        | Noticed a vault guard
  1319 | D        | Noticed a stone giant
  1320 | D        | Noticed a shadow dragon
  1320 | D        | Noticed a vault guard
  1320 | D        | Noticed a vault guard
  1321 | D        | Noticed a stone giant
  1321 | D        | Noticed a stone giant
  1322 | D        | Noticed a shadow dragon
  1323 | D        | Noticed a vault guard
  1325 | D        | Killed a vault guard
  1325 | D        | Killed a vault guard
  1326 | D        | Killed a vault guard
  1328 | D        | Killed a vault guard
  1328 | D        | Killed a vault guard
  1328 | D        | Reached XP level 14. HP: 67/111 MP: 19/27
  1328 | D        | Killed a stone giant
  1328 | D        | Reached skill level 10 in Armour
  1330 | D        | Slain by a stone giant

Vault maps used:
D:        sprint_v

Skill      XL: |  1  2  3  4  5  6  7  8  9 10 11 12 13 14 |
---------------+-------------------------------------------+-----
Fighting       | 3 4 5 7 8 10 11 | 11.0
Crossbows      | 5 8 10 12 13 17 18 20 21 22 | 22.5
Armour         | 2 4 5 7 9 10 | 10.0
Dodging        | 2 3 4 5 |  5.2
Shields        | 2 3 5 6 9 12 15 17 | 17.8
Invocations    | 4 5 6 7 9 11 13 15 18 | 18.9
Stealth        | |  1.2

Action                   |  1- 3 |  4- 6 |  7- 9 | 10-12 | 13-15 || total
-------------------------+-------+-------+-------+-------+-------++-------
 Fire: Heavy crossbow    |     1 |     5 |    24 |    94 |    13 ||   137
Invok: Disaster Area     |       |       |       |     4 |     5 ||     9
  Use: Potion            |     3 |       |       |     7 |     1 ||    11
       Scroll            |       |       |       |     1 |       ||     1
  Eat: Fruit             |       |       |       |       |     2 ||     2
       Meat ration       |       |       |       |       |     1 ||     1
Armor: Plate armour      |       |    11 |    20 |    76 |    19 ||   126
Dodge: Dodged            |       |     3 |     6 |    22 |     6 ||    37
       Deflected         |       |       |       |     4 |     1 ||     5
Block: Shield            |       |     9 |    45 |   241 |    48 ||   343
       Reflection        |       |       |       |       |     4 ||     4
